 Dungeon Crawl Stone Soup version bcrawl-1.41.1 (webtiles) character file.

Game seed: 9581242823533051735

152698 Grimmash the Sneak (level 4, -2/33 HPs)
             Began as a Formicid Archaeologist on Apr 18, 2024.
             Slain by an orc wizard
             ... wielding a +0 dagger
              (3 damage)
             ... on level 3 of the Dungeon.
             The game lasted 00:02:33 (1572 turns).

Grimmash the Sneak (Formicid Archaeologist)         Turns: 1572, Time: 00:02:33

Health: -2/33      AC:  3    Str: 16    XL:     4   Next: 97%
Magic:  4/4        EV: 12    Int: 14    God:
Gold:   59         SH:  0    Dex:  9    Spells: 3/3 levels left

rFire    . . .     GDR:     22% a - +0 mace
rCold    . . .     SeeInvis +   (no shield)
rNeg     . . .     Gourm    .   c - +1 robe
rPois    .         Faith    .   (helmet unavailable)
rElec    .         Spirit   .   (no cloak)
rCorr    .         Reflect  .   (no gloves)
MR       +....     Clarity  +   d - +1 pair of boots
Stlth    ++........             (no amulet)
HPRegen  0.15/turn              j - -2 ring of protection (curse)
MPRegen  0.09/turn              k - ring of wizardry (curse)

@: no status effects
A: permanent stasis, dig shafts and tunnels, four strong arms, antennae 3,
clarity, magic resistance 1, wild magic 1
a: Dig, Shaft Self


You were on level 3 of the Dungeon.
You were hungry.

You visited 1 branch of the dungeon, and saw 3 of its levels.

You collected 59 gold pieces.

Inventory:

Hand Weapons
 a - a +0 mace (weapon)
 b - a +0 blowgun
Missiles
 h - 6 curare-tipped needles
 l - 133 poisoned needles
 n - 77 arrows
Armour
 c - a +1 robe (worn)
 d - a +1 pair of boots (worn)
 p - a +0 chain mail
Jewellery
 j - a cursed -2 ring of protection (left hand)
 k - a cursed ring of wizardry (right hand)
Scrolls
 f - a scroll of revelation
 i - a scroll of amnesia {unknown}
Miscellaneous
 g - a dusty tome
Comestibles
 e - 3 rations {!d}


   Skills:
 * Level 1.9 Fighting
 * Level 2.1 Maces & Flails
 * Level 1.2 Armour
 * Level 3.6 Dodging
 + Level 4.3 Stealth


You had 3 spell levels left.
You didn't know any spells.
Your spell library was empty.

Dungeon Overview and Level Annotations

Branches:
Dungeon (3/12)

Altars:
Ashenzari

Annotations:
D:2 Sigmund


Innate Abilities, Weirdness & Mutations

You cannot be hasted, slowed, berserked, paralysed or teleported.
You can dig through walls and to a lower floor.
Your four strong arms can wield two-handed weapons with a shield.
You have a pair of large antennae on your head. (SInv)
You possess an exceptional clarity of mind.
You are resistant to hostile enchantments. (MR+)
Your spells are a little harder to cast, but a little more powerful.


Message History

The bat closely misses you. The bat barely misses you.
The orc wizard gestures at you while chanting.
The magic dart hits you.
* * * LOW HITPOINT WARNING * * *
The bat closely misses you. The bat hits you.
* * * LOW HITPOINT WARNING * * *
The bat hits you but does no damage.
The orc wizard casts a spell.
The orc wizard blinks!
The orc wizard gestures at you while chanting.
The magic dart hits you.
* * * LOW HITPOINT WARNING * * *
No path to travel!
It was a potion of mutation.
You feel extremely strange.
You feel less in control of your magic.
Your thoughts seem clearer.
You feel resistant to hostile enchantments.
The orc wizard hits you with a +0 dagger.
You die...

#.#.##.###.#
#.#.....#..#######
#.####..#.....^..#
#.#....._...####.#
..#[##..#...# #.#
####{##..#...# #.#
#....##.###.## #.#
#..#K##.###.#####.#
#bK#.o@.###.......#
#†.####......######
#.## ##.....# {
#.$# ####### #..#
#..# ...# #####


You could see an orc wizard and a kobold.

Vanquished Creatures
  Jessica (D:2)
  An adder (D:3)
  An ooze (D:3)
  A worm (D:3)
  3 dart slugs
  2 leopard geckos (D:1)
  An orc (D:3)
  A ball python (D:2)
  A giant cockroach (D:1)
  5 hobgoblins
  7 jackals (D:1)
  A quokka (D:2)
  4 bats
  3 frilled lizards (D:1)
  2 goblins (D:1)
  5 kobolds
  6 rats
45 creatures vanquished.

Notes
Turn   | Place    | Note
-------+----------+-------------------------------------------
     0 | D:1      | Grimmash the Formicid Archaeologist began the quest for the
                  | Orb.
     0 | D:1      | Reached XP level 1. HP: 15/15 MP: 1/1
    50 | D:1      | Reached XP level 2. HP: 3/21 MP: 2/2
    51 | D:1      | HP: 1/21 [jackal (2)]
   410 | D:1      | Reached XP level 3. HP: 5/26 MP: 3/3
  1026 | D:2      | Noticed Jessica
  1128 | D:2      | Reached skill level 1 in Armour
  1147 | D:2      | Killed Jessica
  1148 | D:2      | Reached XP level 4. HP: 24/33 MP: 4/4
  1251 | D:2      | Noticed a phantom
  1288 | D:2      | Noticed Sigmund
  1462 | D:3      | Found a shattered altar of Ashenzari.
  1570 | D:3      | HP: 1/33 [orc wizard/magic dart (6)]
  1572 | D:3      | Gained mutation: Your spells are a little harder to cast,
                  | but a little more powerful. [potion of mutation]
  1572 | D:3      | Gained mutation: You possess an exceptional clarity of
                  | mind. [potion of mutation]
  1572 | D:3      | Gained mutation: You are resistant to hostile enchantments.
                  | (MR+) [potion of mutation]
  1572 | D:3      | Slain by an orc wizard

Skill      XL: |  1  2  3  4 |
---------------+-------------+-----
Dodging        | 3 |  3.6
Armour         | 1 |  1.2
Maces & Flails | 2 |  2.1
Fighting       | |  1.9
Stealth        | |  4.3

Action                   |  1- 3 |  4- 6 || total
-------------------------+-------+-------++-------
Melee: Whip              |   168 |    33 ||   201
       Mace              |       |    15 ||    15
 Fire: Blowgun           |       |    16 ||    16
  Use: Scroll            |     1 |       ||     1
       Potion            |       |     3 ||     3
 Stab: Sleeping          |     6 |     1 ||     7
  Eat: Chunk             |     4 |     4 ||     8
Armor: Robe              |    51 |    23 ||    74
Dodge: Dodged            |   139 |    51 ||   190
